 Dungeon Crawl Stone Soup version 0.30.1 (webtiles) character file.

Game seed: 3919763537022067224

294089 croobank the Tortoise (level 20, -5/144 HPs)
             Began as a Gnoll Summoner on July 11, 2023.
             Was the Champion of Hepliaklqana.
             Shot with a bolt by a yaktaur captain (6 damage)
             ... on level 1 of the Vaults.
             The game lasted 04:50:17 (56267 turns).

croobank the Tortoise (Gnoll Summoner)             Turns: 56267, Time: 04:50:18

Health: -5/144     AC: 15    Str: 15    XL:     20   Next: 84%
Magic:  6/48       EV: 17    Int: 25    God:    Hepliaklqana [******]
Gold:   1104       SH: 19    Dex: 13    Spells: 6/49 levels left

rFire   + . .        a - +8 trident (protect)
rCold   . . .        A - +1 kite shield {AC+3}
rNeg    + + .        g - +1 leather armour of the Forging Gods {Int+3 Dex+3}
rPois   +            N - +0 hat of Juhek {rPois rN++ Str+5}
rElec   .            Y - +2 cloak {Stlth+}
rCorr   +            n - +1 pair of gloves "Moanuriq" {rF+ Will++ rCorr Dex-2}
SInv    .            (no boots)
Will    ++++.        l - amulet of reflection
Stlth   +++++++      W - ring of magical power
HPRegen 0.44/turn    Q - ring of willpower
MPRegen 0.31/turn

%: reflection
@: studying Armour
A: reduced essence, fangs 1, strong nose, distributed training
}: 2/15 runes: serpentine, barnacled
a: Renounce Religion, Recall Ancestor, Ancestor Identity, Transference, Idealise


You were on level 1 of the Vaults.
You worshipped Hepliaklqana.
Hepliaklqana was exalted by your worship.
You visited 8 branches of the dungeon, and saw 35 of its levels.
You visited 1 bazaar.
You also visited: Trove, Sewer and Bailey.

You collected 5152 gold pieces.
You spent 4048 gold pieces at shops.

Inventory:

Hand Weapons
 a - a +8 trident of protection (weapon)
 b - the +3 greatsling "Punk" {acid, rCorr}
   (You found it on level 3 of the Elven Halls)

   rCorr:     It protects you from acid and corrosion.
 L - the +3 Elemental Staff {rElec rF+ rC+ AC+3}
   (You acquired it on level 4 of the Lair of Beasts)

   It enhances your fire, ice, earth and air magic.
   AC:        It affects your AC (+3).
   rF:        It protects you from fire.
   rC:        It protects you from cold.
   rElec:     It insulates you from electricity.
Missiles
 f - 3 atropa-tipped darts (quivered)
Armour
 g - the +1 leather armour of the Forging Gods (worn) {Int+3 Dex+3}
   (You found it on level 10 of the Dungeon)

   Int:       It affects your intelligence (+3).
   Dex:       It affects your dexterity (+3).
 n - the +1 pair of gloves "Moanuriq" (worn) {rF+ Will++ rCorr Dex-2}
   (You found it in a treasure trove)

   Dex:       It affects your dexterity (-2).
   rF:        It protects you from fire.
   rCorr:     It protects you from acid and corrosion.
   Will:      It greatly increases your willpower.
 A - a +1 kite shield of protection (worn)
 N - the +0 hat of Juhek (worn) {rPois rN++ Str+5}
   (You acquired it on level 4 of the Lair of Beasts)

   Str:       It affects your strength (+5).
   rPois:     It protects you from poison.
   rN:        It greatly protects you from negative energy.
 Y - a +2 cloak of stealth (worn)
Jewellery
 l - an amulet of reflection (around neck)
 o - a ring of protection from fire
 u - the ring of Iruazxuoci {rC+ AC+4}
   (You took it off a deep elf sorcerer on level 3 of the Elven Halls)

   [ring of protection]

   AC:        It affects your AC (+4).
   rC:        It protects you from cold.
 O - a ring of flight
 Q - a ring of willpower (right hand)
 U - a ring of positive energy
 W - a ring of magical power (left hand)
 X - a ring of protection from cold
Wands
 d - a wand of polymorph (3)
 y - a wand of flame (66)
 G - a wand of mindburst (27)
 P - a wand of acid (11)
 R - a wand of digging (29)
 S - a wand of roots (34)
 Z - a wand of paralysis (31)
Scrolls
 p - a scroll of magic mapping
 s - a scroll of amnesia
 t - 4 scrolls of vulnerability
 v - 5 scrolls of silence
 B - 5 scrolls of fear
 C - a scroll of brand weapon
 E - 13 scrolls of teleportation
 F - 6 scrolls of fog
 M - 3 scrolls of blinking
 V - 6 scrolls of poison
Potions
 c - 2 potions of ambrosia
 h - 3 potions of invisibility
 i - 15 potions of curing
 j - 6 potions of haste
 k - 2 potions of berserk rage
 m - 7 potions of lignification
 q - 3 potions of attraction
 x - 3 potions of magic
 z - 5 potions of mutation
 D - 5 potions of might
 K - 6 potions of brilliance
 T - 2 potions of cancellation
Miscellaneous
 J - a lightning rod (4/4)


   Skills:
 + Level 14.5 Fighting
 + Level 14.5 Short Blades
 + Level 14.5 Long Blades
 + Level 14.5 Axes
 + Level 14.5 Maces & Flails
 + Level 14.5 Polearms
 + Level 14.5 Staves
 + Level 14.5 Ranged Weapons
 + Level 14.5 Throwing
 + Level 16.2 Armour
 + Level 15.1 Dodging
 + Level 15.0 Stealth
 + Level 14.5 Shields
 + Level 14.5 Unarmed Combat
 + Level 15.2 Spellcasting
 + Level 12.3 Conjurations
 + Level 12.3 Hexes
 + Level 14.1 Summonings
 + Level 12.3 Necromancy
 + Level 12.3 Translocations
 + Level 12.3 Transmutations
 + Level 12.3 Fire Magic
 + Level 12.3 Ice Magic
 + Level 12.3 Air Magic
 + Level 12.3 Earth Magic
 + Level 12.3 Poison Magic
 + Level 15.7 Invocations
 + Level 14.5 Evocations


You had 6 spell levels left.
You knew the following spells:

 Your Spells              Type           Power      Damage    Failure   Level
c - Call Canine Familiar  Summ           74%        N/A       1%          3
d - Summon Guardian Gole  Hex/Summ       71%        N/A       1%          3
e - Summon Lightning Spi  Summ/Air       71%        N/A       1%          4
f - Inner Flame           Hex/Fire       69%        N/A       1%          3
g - Manifold Assault      Tloc           69%        N/A       1%          4
h - Iskenderun's Mystic   Conj/Tloc      69%        2d14      1%          4
i - Freezing Cloud        Conj/Ice/Air   34%        6-21      1%          5
j - Wereblood             Tmut           69%        N/A       1%          2
k - Arcjolt               Conj/Air       34%        1d44      1%          5
l - Fireball              Conj/Fire      34%        3d14      1%          5
m - Summon Mana Viper     Hex/Summ       71%        N/A       1%          5

Your spell library contained the following spells:

 Spells                   Type           Power      Damage    Failure   Level
 Apportation              Tloc           100%       N/A       1%          1
 Beastly Appendage        Tmut           100%       N/A       1%          1
 Kiss of Death            Conj/Necr      100%       2d13      1%          1
 Necrotise                Necr           100%       1d9       1%          1
 Sandblast                Erth           100%       2d20      1%          1
 Sting                    Tmut/Pois      100%       1d8       1%          1
 Summon Small Mammal      Summ           100%       N/A       1%          1
 Blink                    Tloc           100%       N/A       1%          2
 Call Imp                 Summ           100%       N/A       1%          2
 Cigotuvi's Dreadful Rot  Necr/Pois/Air  100%       N/A       1%          2
 Lesser Beckoning         Tloc           100%       N/A       1%          2
 Passwall                 Tmut/Erth      57%        N/A       1%          2
 Poisonous Vapours        Pois/Air       100%       N/A       1%          2
 Sublimation of Blood     Necr           69%        N/A       1%          2
 Dazzling Flash           Conj/Hex       100%       N/A       1%          3
 Gell's Gravitas          Tloc           69%        N/A       1%          3
 Ignite Poison            Fire/Tmut/Pois 69%        N/A       1%          3
 Portal Projectile        Hex/Tloc       100%       N/A       1%          3
 Spider Form              Tmut/Pois      69%        N/A       1%          3
 Stone Arrow              Conj/Erth      100%       3d13      1%          3
 Teleport Other           Tloc           69%        N/A       1%          3
 Tukima's Dance           Hex            69%        N/A       1%          3
 Vampiric Draining        Necr           69%        2d10      1%          3
 Vhi's Electric Charge    Tloc/Air       100%       N/A       1%          3
 Volatile Blastmotes      Fire/Tloc      100%       2d18      1%          3
 Animate Armour           Summ/Erth      100%       N/A       1%          4
 Cause Fear               Hex            34%        N/A       1%          4
 Dispel Undead            Necr           69%        3d23      1%          4
 Flame Wave               Conj/Fire      69%        2d16      1%          4
 Fulminant Prism          Conj/Hex       34%        3d15      1%          4
 Olgreb's Toxic Radiance  Pois           69%        N/A       1%          4
 Petrify                  Tmut/Erth      69%        N/A       1%          4
 Sticky Flame             Conj/Fire      69%        2d8       1%          4
 Agony                    Necr           69%        N/A       1%          5
 Alistair's Intoxication  Tmut/Pois      46%        N/A       1%          5
 Blade Hands              Tmut           34%        N/A       1%          5
 Borgnjor's Vile Clutch   Necr/Erth      34%        N/A       1%          5
 Irradiate                Conj/Tmut      34%        3d23      1%          5
 Iskenderun's Battlesphe  Conj           69%        2d12      1%          5
 Lee's Rapid Deconstruct  Erth           34%        3d17*     1%          5
 Summon Forest            Summ/Tloc      35%        N/A       1%          5
 Yara's Violent Unravell  Hex/Tmut       34%        3d14      1%          5
 Summon Cactus Giant      Summ           37%        N/A       2%          6
 Conjure Ball Lightning   Conj/Air       34%        3x3d11    6%          6
 Death Channel            Necr           34%        N/A       6%          6
 Dispersal                Tloc           34%        N/A       6%          6
 Iron Shot                Conj/Erth      34%        9d7       6%          6
 Plasma Beam              Fire/Air       34%        2x1d52    6%          6
 Starburst                Conj/Fire      34%        6d10      6%          6
 Statue Form              Tmut/Erth      46%        N/A       6%          6
 Dragon Form              Tmut           34%        N/A       32%         7
 Enfeeble                 Hex            34%        N/A       32%         7
 Orb of Destruction       Conj           34%        9d10      32%         7
 Storm Form               Tmut/Air       34%        N/A       32%         7
 Borgnjor's Revivificati  Necr           34%        N/A       94%         8
 Disjunction              Tloc           34%        N/A       94%         8
 Lehudib's Crystal Spear  Conj/Erth      34%        10d9      94%         8
 Necromutation            Tmut/Necr      34%        N/A       94%         8
 Death's Door             Necr           34%        N/A       100%        9
 Dragon's Call            Summ           37%        N/A       100%        9


Dungeon Overview and Level Annotations

Branches:
Dungeon (15/15)            Temple (1/1) D:4            Lair (5/5) D:11
 Shoals (4/4) Lair:3        Snake (4/4) Lair:2        Slime (0/5) Lair:4
    Orc (2/2) D:11            Elf (3/3) Orc:2        Vaults (1/5) D:13
 Depths (0/4) D:15          Sewer (visited)          Bailey (visited)

Altars:
Ashenzari
Cheibriados
Dithmenos
Elyvilon
Fedhas
Gozag
Hepliaklqana
Kikubaaqudgha
Makhleb
Nemelex Xobeh
Okawaru
Qazlal
Ru
Sif Muna
Trog
Uskayaw
Vehumet
Wu Jian
Xom
Yredelemnul
Zin
The Shining One
Jiyva
Lugonu

Shops:
D:4 [   D:9 ?   D:12 [*   D:14 [   Orc:2 ([(*[   Elf:3 *   Shoals:3 [(?*
Shoals:4 *[   Snake:3 *   Snake:4 !(*=

Portals:
Abyss: Lair:5

Annotations:
D:14 2 transporters, salammoniac's ghost, adept KoMo
Lair:1 3 runed translucent doors, Pepete's ghost, journeyman DjFE; salammoniac's ghost, journeyman SpHu


Innate Abilities, Weirdness & Mutations

Your life essence is reduced to manifest your ancestor. (-10% HP)
You have very sharp teeth.
Your uncanny sense of smell can sniff out nearby items.
Your experience applies equally to all skills.


Message History

The bolt freezes you.
* * * LOW HITPOINT WARNING * * *
The yaktaur captain unwields a +2 arbalest of freezing.
The yaktaur captain hits Tertia!
Tertia casts a spell at the yaktaur captain.
The stone arrow hits the yaktaur captain!
Flame seeps out of the yaktaur captain.
Casting: Inner Flame (safe; 1% risk of failure)
Confirm with . or Enter, or press ? or * to list all spells.
Aiming: Inner Flame (safe; 1% risk of failure)
Press: ? - help, Dir - move target, f - yaktaur, p - yaktaur captain
Aim: a yaktaur (chance to affect: 91%)
The yaktaur barely resists.
The yaktaur wields a +0 arbalest.
The yaktaur shoots a bolt.
The bolt barely misses Tertia.
You block the bolt with an invisible shield... and reflect it back!
The bolt hits Tertia!!
The yaktaur captain is engulfed in blazing flames.
Flame seeps out of the yaktaur captain.
The yaktaur captain wields a +2 arbalest of freezing.
It is covered in frost.
The yaktaur captain shoots a bolt.
The bolt hits Tertia!!
The bolt freezes Tertia.
Tertia is destroyed!
Casting: Inner Flame (safe; 1% risk of failure)
Confirm with . or Enter, or press ? or * to list all spells.
An electric hum fills the air.
The yaktaur shoots a bolt.
You block the bolt with an invisible shield... and reflect it back!
The bolt hits the yaktaur!!!
You hear a shout!
You hear a roar!
The yaktaur captain shoots a bolt.
The bolt hits you!!
* * * LOW HITPOINT WARNING * * *
The bolt freezes you.
* * * LOW HITPOINT WARNING * * *
The yaktaur shoots a bolt.
You block the bolt with an invisible shield... and reflect it back!
The bolt hits the yaktaur!!
You kill the yaktaur!
You feel much better.
The yaktaur captain shoots a bolt.
The bolt hits you!!
* * * LOW HITPOINT WARNING * * *
The bolt freezes you.
You die...

.b##..# #!.........# ##
.bb#..## ##...####...##
#.
bb.8...###........$...#
#.
gb..JJJ.g'..###c)###..#
#. .b.....pJ#### ##'#
#. b.b....### #.# #.
bb.#.b## #.+.# #.
..##..# #.#.+.# #. ..
.### ...#@#.# #. . .
####8.#.# #. ## # ....#
. #. ###'##### #.
...#.. #.
###.#.#############. ∆
#.#.#.[[)'......#.
'.#p#)#)##.p....#. #.
#..)c..#.


You could see a yaktaur captain (inner flame) and a friendly lightning spire
(summoned).

Vanquished Creatures
  Vashnia (Snake:4)
  2 deep elf blademasters
  Gastronok (D:11)
  2 nagarajas (Snake:4)
  3 deep elf sorcerers (Elf:3)
  2 deep elf elementalists (Elf:3)
  An orc warlord (Orc:2)
  2 ironbound preservers (Vaults:1)
  4 deep elf demonologists (Elf:3)
  A deep elf annihilator (Elf:3)
  A deep elf death mage (Elf:3)
  An ettin (D:15)
  4 merfolk javelineers
  2 merfolk impalers
  A rakshasa (D:15)
  A hydra (Lair:3)
  5 merfolk avatars
  5 centaur warriors
  4 anacondas
  5 dancing weapons
  4 merfolk aquamancers
  An ogre mage (D:15)
  An alligator snapping turtle (Shoals:4)
  A satyr (Shoals:4)
  An orc high priest (Orc:2)
  A boulder beetle (Vaults:1)
  6 naga warriors
  A tengu warrior (D:15)
  4 two-headed ogres (D:15)
  A thrashing horror (Lair:5)
  4 shock serpents
  17 deep elf knights
  12 naga sharpshooters
  Sonja (D:13)
  3 skysharks
  A salamander mystic (Snake:4)
  9 sea snakes
  10 deep trolls (Vaults:1)
  2 naga ritualists
  3 wizards
  19 deep elf pyromancers
  An ironbound convoker (Vaults:1)
  8 deep elf zephyrmancers
  2 ugly things
  2 orc knights
  2 harpies (Shoals:4)
  9 deep elf archers
  4 orc sorcerers
  9 fauns
  3 mana vipers
  2 salamanders (Snake:4)
  10 manticores
  4 elephants
  5 cyclopes
  A black mamba (shapeshifter) (Elf:3)
  7 merfolk sirens
  6 naga magi
  A smoke demon (Lair:5)
  13 black mambas
  2 guardian serpents
  5 water nymphs
  A gargoyle (D:12)
  3 cane toads
  A kobold demonologist (D:13)
  7 yaktaurs (Vaults:1)
  A tengu conjurer (D:15)
  2 meliai (D:15)
  11 merfolk
  A polar bear (Lair:2)
  A hornet (Lair:3)
  3 trolls
  7 blink frogs
  A raiju (shapeshifter) (D:13)
  4 wind drakes
  3 snapping turtles
  5 water elementals
  3 slime creatures (D:13)
  31 yaks
  2 wraiths
  2 wyverns
  2 ynoxinuls (Lair:5)
  A fire bat (D:14)
  2 fire elementals
  2 basilisks
  4 vampire mosquitoes
  2 wargs
  14 nagas
  A water moccasin (Lair:5)
  20 orc warriors
  2 wolves (Lair:5)
  5 ogres
  2 centaurs
  2 bullfrogs
  A gnoll sergeant (D:9)
  An earth elemental (Elf:1)
  5 small abominations (Lair:5)
  A scorpion (D:5)
  3 electric eels
  2 vampire bats (Bailey)
  2 wolf zombies (Bailey)
  A howler monkey (D:12)
  A crimson imp (D:3)
  4 hounds (D:9)
  7 orc priests
  12 orc wizards
  6 adders
  3 river rats (Sewer)
  A white imp (D:4)
  2 ufetubi (D:5)
  2 worms (Sewer)
  A dart slug (D:4)
  32 orcs
  6 ball pythons
  2 endoplasms
  3 giant cockroaches
  7 goblins
  5 hobgoblins
  2 kobolds (D:2)
  5 quokkas
  4 bats
  8 orc zombies (Bailey)
  2 rats (D:3)
525 creatures vanquished.

Vanquished Creatures (collateral kills)
  Saint Roka (Snake:3)
  Rupert (D:12)
  2 deep elf master archers (Elf:3)
  Roxanne (Snake:4)
  4 nagarajas
  Aizul (Shoals:3)
  A frost giant (Shoals:4)
  A vault warden (Vaults:1)
  3 deep elf elementalists (Elf:3)
  3 deep elf sorcerers
  6 ironbound preservers
  A stone giant (Vaults:1)
  An ironbound thunderhulk (Vaults:1)
  5 deep elf demonologists
  6 deep elf annihilators
  8 deep elf death magi
  A merfolk javelineer (Shoals:4)
  5 merfolk impalers
  A deep elf high priest (Elf:3)
  A fire dragon (D:13)
  4 hydras
  2 ironbound frosthearts (Vaults:1)
  5 anacondas
  3 centaur warriors
  An alligator snapping turtle (Shoals:4)
  A merfolk avatar (Shoals:3)
  9 naga warriors
  26 dancing weapons
  2 two-headed ogres
  A death yak (Lair:4)
  11 naga sharpshooters
  2 satyrs
  An orc high priest (Orc:2)
  2 shock serpents (Snake:2)
  2 thrashing horrors (Lair:5)
  8 deep elf knights
  A hell knight (D:15)
  3 large abominations (Lair:5)
  2 fire crabs (Shoals:1)
  2 salamander mystics (Snake:4)
  7 deep trolls (Vaults:1)
  7 sea snakes
  4 naga ritualists
  7 deep elf archers
  A steelbarb worm (shapeshifter) (Lair:5)
  A wizard (Elf:1)
  A harpy (Shoals:4)
  A lindwurm (Lair:5)
  13 deep elf zephyrmancers
  21 deep elf pyromancers
  8 ugly things
  2 cyclopes
  3 mana vipers (Snake:2)
  4 fauns
  An orc sorcerer (Orc:2)
  7 salamanders
  8 manticores
  5 elephants
  4 merfolk sirens
  A vault sentinel (Vaults:1)
  3 water nymphs
  6 naga magi
  20 black mambas
  2 torpor snails
  6 cane toads
  2 smoke demons (Lair:5)
  A gargoyle (D:12)
  A guardian serpent (Snake:2)
  An unseen horror (D:12)
  3 komodo dragons
  2 rime drakes
  An efreet (D:13)
  A yaktaur (D:15)
  17 merfolk
  An ancient zyme (Lair:5)
  4 trolls
  A meliai (D:15)
  Prince Ribbit (D:9)
  5 wind drakes
  14 blink frogs
  5 snapping turtles
  3 slime creatures (D:14)
  2 air elementals (Elf:1)
  13 yaks
  3 vampires
  4 fire bats
  3 wraiths
  5 wyverns
  6 basilisks
  3 steam dragons
  A fire elemental (Elf:1)
  3 water elementals
  Grum (D:9)
  A chaos spawn (Lair:5)
  4 vampire mosquitoes
  23 nagas
  3 wargs
  4 acid dragons
  7 water moccasins
  A hell hound (D:14)
  2 ice beasts
  16 orc warriors
  2 sky beasts (D:7)
  6 ogres
  2 centaurs
  8 wolves
  A phantom (D:5)
  A kobold brigand (D:10)
  Blork the orc (D:5)
  2 bullfrogs
  A gnoll sergeant (D:9)
  3 scorpions (D:6)
  2 earth elementals
  4 wights (D:9)
  6 small abominations (Lair:5)
  9 killer bees
  6 vampire bats (Bailey)
  2 howler monkeys
  3 lava snakes
  20 orc priests
  8 hounds
  An iguana (D:6)
  A jelly (D:4)
  2 sleepcaps
  2 gnoll boudas (D:9)
  Ijyb (D:4)
  25 orc wizards
  10 gnolls
  8 adders
  A shadow imp (D:5)
  4 worms
  70 orcs
  5 ball pythons
  8 endoplasms
  6 giant cockroaches
  A goblin (D:2)
  4 hobgoblins
  5 jackals
  9 kobolds
  6 quokkas
  9 bats
  6 frilled lizards
  16 orc zombies (Bailey)
  2 rats
  A fire vortex (D:14)
742 creatures vanquished.

Vanquished Creatures (others)
  A deep elf blademaster (Elf:3)
  A deep elf demonologist (Elf:3)
  A death knight (D:13)
  2 anacondas (Snake:4)
  2 death yaks (Lair:4)
  A tengu warrior (D:13)
  A naga sharpshooter (Snake:4)
  A deep elf knight (Elf:1)
  The ghost of dornbeast the Nimble, a novice GnGl of Nemelex Xobeh (D:8)
  A naga ritualist (Snake:4)
  2 deep elf pyromancers
  A manticore (D:12)
  A naga mage (Snake:4)
  A gargoyle (Bailey)
  Maggie (D:6)
  A freezing wraith (D:11)
  A water elemental (Shoals:2)
  4 yaks
  A basilisk (Lair:5)
  A naga (Snake:4)
  2 orc warriors
  2 black bears
  2 killer bees (D:11)
  53 battlemagi
  6 ancestors
  2 orcs (D:6)
  2 fire vortices (D:14)
95 creatures vanquished.

Grand Total: 1362 creatures vanquished

Notes
Turn   | Place    | Note
-------+----------+-------------------------------------------
     0 | D:1      | croobank the Gnoll Summoner began the quest for the Orb.
     0 | D:1      | Reached XP level 1. HP: 13/13 MP: 6/6
   141 | D:1      | Reached XP level 2. HP: 19/19 MP: 4/7
   145 | D:1      | Learned a level 2 spell: Call Imp
   716 | D:2      | Reached skill level 5 in Spellcasting
   716 | D:2      | Reached XP level 3. HP: 25/25 MP: 7/9
   720 | D:2      | Learned a level 3 spell: Call Canine Familiar
   739 | D:2      | Reached skill level 1 in Invocations
   800 | D:2      | Reached skill level 1 in Fighting
   800 | D:2      | Reached skill level 1 in Short Blades
   800 | D:2      | Reached skill level 1 in Long Blades
   800 | D:2      | Reached skill level 1 in Axes
   800 | D:2      | Reached skill level 1 in Maces & Flails
   800 | D:2      | Reached skill level 1 in Polearms
   800 | D:2      | Reached skill level 1 in Staves
   800 | D:2      | Reached skill level 1 in Ranged Weapons
   800 | D:2      | Reached skill level 1 in Throwing
   800 | D:2      | Reached skill level 1 in Armour
   800 | D:2      | Reached skill level 1 in Shields
   800 | D:2      | Reached skill level 1 in Unarmed Combat
   800 | D:2      | Reached skill level 1 in Evocations
   874 | D:2      | Reached XP level 4. HP: 32/32 MP: 11/11
   878 | D:2      | Learned a level 3 spell: Summon Guardian Golem
  1119 | D:2      | Reached skill level 1 in Conjurations
  1119 | D:2      | Reached skill level 1 in Hexes
  1119 | D:2      | Reached skill level 1 in Necromancy
  1119 | D:2      | Reached skill level 1 in Translocations
  1119 | D:2      | Reached skill level 1 in Transmutations
  1119 | D:2      | Reached skill level 1 in Fire Magic
  1119 | D:2      | Reached skill level 1 in Ice Magic
  1119 | D:2      | Reached skill level 1 in Air Magic
  1119 | D:2      | Reached skill level 1 in Earth Magic
  1119 | D:2      | Reached skill level 1 in Poison Magic
  1651 | D:3      | Found a glowing drain.
  1686 | Sewer    | Entered a sewer
  1853 | Sewer    | Reached XP level 5. HP: 37/37 MP: 8/12
  2418 | D:3      | Reached XP level 6. HP: 44/44 MP: 7/13
  2423 | D:3      | Learned a level 4 spell: Summon Lightning Spire
  2514 | D:3      | Reached skill level 2 in Armour
  2514 | D:3      | Reached skill level 5 in Dodging
  3056 | D:3      | Found a glowing golden altar of the Shining One.
  3062 | D:3      | Found a bloodstained altar of Trog.
  3066 | D:3      | Found an ornate altar of the Wu Jian Council.
  3154 | D:3      | Found a shimmering altar of Xom.
  3154 | D:3      | Found a burning altar of Makhleb.
  3398 | D:4      | Noticed a black bear
  3409 | D:4      | Killed a black bear
  3449 | D:4      | Reached XP level 7. HP: 44/50 MP: 3/15
  3716 | D:4      | Found Pudghuir's Armour Shoppe.
  3838 | D:4      | Found a staircase to the Ecumenical Temple.
  3874 | Temple   | Entered the Ecumenical Temple
  3899 | Temple   | Became a worshipper of Hepliaklqana the Forgotten
  4135 | D:4      | Noticed Ijyb
  4156 | D:4      | Killed Ijyb
  4915 | D:5      | Entered Level 5 of the Dungeon
  4915 | D:5      | Reached * piety under Hepliaklqana
  4947 | D:5      | Reached skill level 5 in Stealth
  5045 | D:5      | Found a radiant altar of Vehumet.
  5613 | D:5      | Reached skill level 3 in Armour
  5616 | D:5      | Reached XP level 8. HP: 52/52 MP: 16/16
  5673 | D:5      | Found an opulent altar of Gozag.
  6090 | D:5      | Noticed Blork the orc
  6106 | D:5      | Killed Blork the orc
  6231 | D:6      | Noticed Maggie
  6239 | D:6      | Killed Maggie
  6905 | D:6      | Reached skill level 4 in Armour
  6905 | D:6      | Reached XP level 9. HP: 58/58 MP: 8/18
  7283 | D:6      | Learned a level 3 spell: Inner Flame
  8277 | D:6      | Identified the +6 mace of Xeimac {freeze, rCorr}
  8306 | D:6      | Found a shimmering blue altar of Sif Muna.
  8306 | D:6      | Found an iron altar of Okawaru.
  8979 | D:7      | Reached ** piety under Hepliaklqana
  8980 | D:7      | Remembered your ancestor Tertia as a battlemage
  8993 | D:7      | Reached skill level 5 in Invocations
  9511 | D:8      | Found a large runed translucent door.
  9512 | D:8      | Found a large runed translucent door.
  9515 | D:8      | Noticed dornbeast's ghost (novice GnGl)
  9528 | D:8      | Killed dornbeast's ghost
  9616 | D:8      | Reached skill level 5 in Fighting
  9616 | D:8      | Reached skill level 5 in Short Blades
  9616 | D:8      | Reached skill level 5 in Long Blades
  9616 | D:8      | Reached skill level 5 in Axes
  9616 | D:8      | Reached skill level 5 in Maces & Flails
  9616 | D:8      | Reached skill level 5 in Polearms
  9616 | D:8      | Reached skill level 5 in Staves
  9616 | D:8      | Reached skill level 5 in Ranged Weapons
  9616 | D:8      | Reached skill level 5 in Throwing
  9616 | D:8      | Reached skill level 5 in Armour
  9616 | D:8      | Reached skill level 5 in Shields
  9616 | D:8      | Reached skill level 5 in Unarmed Combat
  9616 | D:8      | Reached skill level 5 in Evocations
  9616 | D:8      | Reached XP level 10. HP: 8/66 MP: 20/20
 10271 | D:8      | Reached *** piety under Hepliaklqana
 10594 | D:9      | Noticed a two-headed ogre
 10609 | D:9      | Killed a two-headed ogre
 10609 | D:9      | Noticed Prince Ribbit
 10623 | D:9      | Killed Prince Ribbit
 10973 | D:9      | Found Peocauch's Magic Scroll Shop.
 10989 | D:9      | Bought a scroll of identify for 24 gold pieces
 10989 | D:9      | Bought a scroll of amnesia for 48 gold pieces
 11100 | D:9      | Noticed Grum
 11105 | D:9      | Killed Grum
 11346 | D:10     | Entered Level 10 of the Dungeon
 11407 | D:10     | Found a flagged portal.
 11420 | Bailey   | Entered a bailey
 11420 | Bailey   | Reached **** piety under Hepliaklqana
 11789 | Bailey   | Identified the +8 chain mail of the Cockroach {Harm Slay+2}
 11831 | Bailey   | Noticed a gargoyle
 11841 | Bailey   | Killed a gargoyle
 11978 | Bailey   | Reached skill level 6 in Armour
 12152 | D:10     | Found a white marble altar of Elyvilon.
 12187 | D:10     | Reached skill level 5 in Conjurations
 12187 | D:10     | Reached skill level 5 in Hexes
 12187 | D:10     | Reached skill level 5 in Necromancy
 12187 | D:10     | Reached skill level 5 in Translocations
 12187 | D:10     | Reached skill level 5 in Transmutations
 12187 | D:10     | Reached skill level 5 in Fire Magic
 12187 | D:10     | Reached skill level 5 in Ice Magic
 12187 | D:10     | Reached skill level 5 in Air Magic
 12187 | D:10     | Reached skill level 5 in Earth Magic
 12187 | D:10     | Reached skill level 5 in Poison Magic
 12258 | D:10     | Reached XP level 11. HP: 72/72 MP: 22/22
 12637 | D:10     | Identified the +1 leather armour of the Forging Gods {Int+3
                  | Dex+3}
 13118 | D:4      | Bought a +3 plate armour of cold resistance for 630 gold
                  | pieces
 13254 | D:11     | Noticed Gastronok
 13264 | D:11     | Killed Gastronok
 13568 | D:11     | Found a staircase to the Lair.
 14514 | D:11     | Found a staircase to the Orcish Mines.
 14592 | D:12     | Found Itracwaq's Armour Shop.
 14957 | D:12     | Noticed a manticore
 14964 | D:12     | Killed a manticore
 14971 | D:12     | You fall into a shaft and drop 2 floors!
 15114 | D:12     | Noticed a manticore
 15127 | D:12     | Killed a manticore
 15409 | D:12     | Reached skill level 7 in Armour
 15413 | D:12     | Noticed Rupert
 15425 | D:12     | Killed Rupert
 15426 | D:12     | Reached XP level 12. HP: 81/81 MP: 18/24
 15629 | D:12     | Found Hieghism's Assorted Antiques.
 15634 | D:12     | Bought a scroll labelled HOTUMO BIRCHOPN for 25 gold pieces
 15699 | D:12     | Reached ***** piety under Hepliaklqana
 15844 | D:13     | Noticed a fire dragon
 15891 | Lair:1   | Entered Level 1 of the Lair of Beasts
 16139 | Lair:1   | Found a runed translucent gate.
 16141 | Lair:1   | Found a runed translucent gate.
 16754 | Lair:1   | Found a runed translucent gate.
 16756 | Lair:1   | Noticed Pepete's ghost (journeyman DjFE)
 16757 | Lair:1   | Noticed salammoniac's ghost (journeyman SpHu)
 16962 | Lair:2   | Found a staircase to the Snake Pit.
 17678 | Lair:3   | Found a staircase to the Shoals.
 17724 | Lair:3   | Reached skill level 8 in Armour
 17900 | Lair:3   | Noticed a four-headed hydra
 17906 | Lair:3   | Killed a four-headed hydra
 17907 | Lair:3   | Reached XP level 13. HP: 82/88 MP: 25/26
 18126 | Lair:3   | Reached skill level 10 in Summonings
 18131 | Lair:3   | Learned a level 4 spell: Manifold Assault
 18346 | Lair:3   | Identified the +1 leather armour "Woifag" {Dex+4}
 18942 | Lair:3   | Learned a level 4 spell: Iskenderun's Mystic Blast
 19712 | Lair:4   | Identified 3 scrolls of acquirement
 19736 | Lair:4   | Found a viscous altar of Jiyva.
 19736 | Lair:4   | Found a staircase to the Slime Pits.
 19737 | Lair:4   | Acquired the +0 hat of Juhek {rPois rN++ Str+5}
 19749 | Lair:4   | Acquired the +3 Elemental Staff {rElec rF+ rC+ AC+3}
 19749 | Lair:4   | Found the +3 Elemental Staff {rElec rF+ rC+ AC+3}
 19752 | Lair:4   | Acquired 745 gold pieces
 19983 | Lair:4   | Reached skill level 10 in Spellcasting
 20040 | Lair:4   | Reached ****** piety under Hepliaklqana
 20450 | Lair:5   | Entered Level 5 of the Lair of Beasts
 20465 | Lair:5   | Learned a level 5 spell: Freezing Cloud
 20641 | Lair:5   | Reached skill level 10 in Dodging
 20754 | Lair:5   | Learned a level 2 spell: Wereblood
 20815 | Lair:5   | Reached skill level 9 in Armour
 20832 | Lair:5   | Reached skill level 10 in Stealth
 20941 | Lair:5   | Reached skill level 10 in Invocations
 20941 | Lair:5   | Reached XP level 14. HP: 94/97 MP: 28/28
 22697 | Lair:5   | Found a corrupted altar of Lugonu.
 22697 | Lair:5   | Found a one-way gate to the infinite horrors of the Abyss.
 23011 | Orc:1    | Entered Level 1 of the Orcish Mines
 23454 | Orc:2    | Entered Level 2 of the Orcish Mines
 23492 | Orc:2    | Found a staircase to the Elven Halls.
 23681 | Orc:2    | Noticed an orc warlord
 23696 | Orc:2    | Killed an orc warlord
 24316 | Orc:2    | Found Qocwixt's Antique Armour Shoppe.
 24506 | Orc:2    | Found Lonturch's Firing Range.
 25017 | Orc:2    | Found Abamug's Antique Armour Shop.
 25019 | Orc:2    | Found Veyzappo's Antique Weapon Boutique.
 25111 | Orc:2    | Found Xedd's General Store.
 25333 | D:13     | Reached skill level 10 in Fighting
 25333 | D:13     | Reached skill level 10 in Short Blades
 25333 | D:13     | Reached skill level 10 in Long Blades
 25333 | D:13     | Reached skill level 10 in Axes
 25333 | D:13     | Reached skill level 10 in Maces & Flails
 25333 | D:13     | Reached skill level 10 in Polearms
 25333 | D:13     | Reached skill level 10 in Staves
 25333 | D:13     | Reached skill level 10 in Ranged Weapons
 25333 | D:13     | Reached skill level 10 in Throwing
 25333 | D:13     | Reached skill level 10 in Armour
 25333 | D:13     | Reached skill level 10 in Shields
 25333 | D:13     | Reached skill level 10 in Unarmed Combat
 25333 | D:13     | Reached skill level 10 in Evocations
 25605 | D:13     | Noticed Sonja
 25616 | D:13     | Killed Sonja
 25627 | D:13     | Reached XP level 15. HP: 103/103 MP: 30/30
 26235 | D:13     | Found a gate to the Vaults.
 26808 | D:14     | Noticed salammoniac's ghost (adept KoMo)
 26915 | D:14     | Found a bloodstained altar of Trog.
 26933 | D:14     | Found a transporter.
 27021 | D:14     | Found Cium's Antique Armour Shop.
 27781 | D:14     | Found a transporter.
 27977 | D:15     | Entered Level 15 of the Dungeon
 28685 | D:15     | Identified the +2 robe "Jutud" {Rampage rElec rC+}
 28693 | D:15     | HP: 2/105 [ettin/+0 dire flail (21)]
 29227 | D:15     | Found a staircase to the Depths.
 29809 | Snake:1  | Entered Level 1 of the Snake Pit
 30301 | Snake:1  | Reached XP level 16. HP: 103/111 MP: 22/32
 30470 | Snake:1  | Reached skill level 11 in Armour
 32327 | Snake:2  | Got the Textbook on the Frozen Autopsy
 33071 | Snake:3  | Learned a level 5 spell: Arcjolt
 33276 | Snake:3  | Noticed a nagaraja
 33287 | Snake:3  | Killed a nagaraja
 33738 | Snake:3  | Found Fainethropu's General Store.
 33746 | Snake:3  | Bought a scroll of teleportation for 48 gold pieces
 33746 | Snake:3  | Bought a potion of heal wounds for 80 gold pieces
 33746 | Snake:3  | Bought a wand of paralysis (5) for 192 gold pieces
 34059 | Snake:4  | Entered Level 4 of the Snake Pit
 34064 | Snake:4  | Noticed Saint Roka
 34066 | Snake:4  | Noticed Vashnia
 34084 | Snake:3  | Killed Saint Roka
 34540 | Snake:4  | Identified Roxanne's Compilation of Earth
 34540 | Snake:4  | Noticed Roxanne
 35090 | Snake:4  | Found Fugigim's Antique Weapon Shoppe.
 35129 | Snake:4  | Killed Vashnia
 35130 | Snake:4  | Reached XP level 17. HP: 73/119 MP: 5/33
 35264 | Snake:4  | Found Enoa's Jewellery Emporium.
 35264 | Snake:4  | Found Uvatax's Distillery.
 35267 | Snake:4  | Found Peocauch's Assorted Antiques.
 35315 | Snake:4  | Bought a potion of magic for 144 gold pieces
 35315 | Snake:4  | Bought a potion of invisibility for 144 gold pieces
 35318 | Snake:4  | Bought a runed demon blade for 486 gold pieces
 35456 | Snake:4  | Reached skill level 10 in Conjurations
 35456 | Snake:4  | Reached skill level 10 in Hexes
 35456 | Snake:4  | Reached skill level 10 in Necromancy
 35456 | Snake:4  | Reached skill level 10 in Translocations
 35456 | Snake:4  | Reached skill level 10 in Transmutations
 35456 | Snake:4  | Reached skill level 10 in Fire Magic
 35456 | Snake:4  | Reached skill level 10 in Ice Magic
 35456 | Snake:4  | Reached skill level 10 in Air Magic
 35456 | Snake:4  | Reached skill level 10 in Earth Magic
 35456 | Snake:4  | Reached skill level 10 in Poison Magic
 35826 | Snake:4  | Reached skill level 12 in Armour
 37027 | Snake:4  | Got a serpentine rune of Zot
 37276 | Snake:4  | Killed Roxanne
 37597 | Shoals:1 | Entered Level 1 of the Shoals
 39397 | Shoals:2 | Learned a level 5 spell: Fireball
 39400 | Shoals:2 | You fall into a shaft and drop 1 floor!
 39406 | Shoals:3 | Noticed Aizul
 39418 | Shoals:3 | Killed Aizul
 39572 | Shoals:3 | Found Budud's Magic Scroll Emporium.
 39591 | Shoals:3 | Found Geepopn's General Store.
 39663 | Shoals:3 | Found Esynur's Antique Weapon Shop.
 39683 | Shoals:3 | Identified the +3 spear of Slime {flame, rC+}
 39694 | Shoals:3 | Found Nuniyw's Antique Armour Shop.
 39731 | Shoals:3 | Found a flickering gateway to a bazaar.
 39744 | Bazaar   | Entered a bazaar
 39744 | Bazaar   | Found Ituvvem's Antique Armour Boutique.
 39751 | Bazaar   | Found Luaph's Antique Weapon Emporium.
 39770 | Bazaar   | Found Asyron's General Store.
 39781 | Bazaar   | Found Ishrauso's Distillery.
 39789 | Bazaar   | Found Linlil's Book Shoppe.
 39801 | Bazaar   | Bought a book of the Wilderness for 494 gold pieces
 39801 | Bazaar   | Bought a manual of Armour for 1040 gold pieces
 39801 | Bazaar   | Bought a book of Misfortune for 468 gold pieces
 39809 | Bazaar   | Bought a potion of heal wounds for 45 gold pieces
 39809 | Bazaar   | Bought 2 potions of might for 72 gold pieces
 39809 | Bazaar   | Bought 2 potions of brilliance for 72 gold pieces
 39809 | Bazaar   | Bought a potion of brilliance for 36 gold pieces
 40137 | Shoals:2 | Reached XP level 18. HP: 126/126 MP: 19/35
 40514 | D:14     | Learned a level 5 spell: Summon Mana Viper
 42867 | Shoals:4 | Entered Level 4 of the Shoals
 42959 | Shoals:4 | Reached skill level 13 in Armour
 43146 | Shoals:4 | Got the Papyrus of Transforming Snow
 43187 | Shoals:4 | Found Celagaer's Mass Market.
 45472 | Shoals:4 | Found Wuqudim's Armour Shop.
 45509 | Shoals:4 | Got a barnacled rune of Zot
 45943 | Elf:1    | Entered Level 1 of the Elven Halls
 46757 | Elf:1    | Found a portal to a secret trove of treasure.
 46787 | Elf:1    | You paid a toll of 3 potions of resistance to enter a
                  | treasure trove
 46788 | Trove    | Entered a treasure trove
 46790 | Trove    | Found the +2 pair of slick slippers {slick, slippery, EV+4}
 46802 | Trove    | Identified the +1 pair of gloves "Moanuriq" {rF+ Will++
                  | rCorr Dex-2}
 46804 | Trove    | Identified the +2 helmet of Oqimooll {Contam rF- Will+++
                  | rCorr}
 46807 | Trove    | Identified the +0 cloak of Lilacs {Harm rF+ Str-2 Int+3
                  | Stlth+}
 46811 | Trove    | Identified the +0 cloak "Feemet" {*Slow Will+++ Dex-4
                  | Slay+5}
 46815 | Trove    | Identified the +0 helmet of Gicoasuc {Rampage rC+ Regen+
                  | Dex-2}
 46818 | Trove    | Identified the +1 pair of boots "Ytteribied" {-Tele rElec
                  | rPois Int+5}
 46935 | Elf:1    | Reached XP level 19. HP: 134/134 MP: 33/37
 47056 | Elf:1    | Reached skill level 14 in Armour
 47947 | Elf:1    | Got the Encyclopedia of Dhcmrlchtdj
 47954 | Elf:1    | Got the Precepts of Axaxaxas mlö
 48227 | Elf:1    | Got the Volume of Sand
 49564 | Elf:2    | Found a runed translucent gate.
 49565 | Elf:2    | Found a runed translucent gate.
 49565 | Elf:2    | Found a runed translucent gate.
 50486 | Elf:2    | Reached skill level 15 in Armour
 51039 | Elf:3    | Entered Level 3 of the Elven Halls
 51212 | Elf:3    | Reached skill level 15 in Invocations
 51481 | Elf:3    | Noticed a Brimstone Fiend
 51775 | Elf:3    | Reached XP level 20. HP: 142/142 MP: 4/38
 51972 | Elf:3    | Identified the +9 triple sword "Hekenait" {heavy, Str+3
                  | Int-5 Dex+2}
 51984 | Elf:3    | Noticed a Brimstone Fiend
 51990 | Elf:3    | Identified the +3 rapier of Tension {protect, Will+}
 51990 | Elf:3    | Identified the ring of Iruazxuoci {rC+ AC+4}
 52609 | Elf:3    | Identified the +1 rapier "Gagox" {flame, rC+}
 52777 | Elf:3    | Identified the +6 flail "Hatoz" {flame, rF+ rN+ Int+3}
 53048 | Elf:3    | Identified the +0 leather armour of the Northern Lights
                  | {Will+}
 53087 | Elf:3    | Noticed a Brimstone Fiend
 53251 | Elf:3    | Identified the +1 leather armour "Saoggiva" {*Corrode Fly
                  | SInv Stlth+}
 53441 | Elf:3    | Reached skill level 15 in Spellcasting
 53714 | Elf:3    | Found the +3 greatsling "Punk" {acid, rCorr}
 54040 | Elf:2    | Found a radiant altar of Vehumet.
 54336 | Elf:3    | Found Vepud's Gadget Gallery.
 55405 | Vaults:1 | Entered Level 1 of the Vaults
 55646 | Vaults:1 | Reached skill level 15 in Dodging
 55787 | Vaults:1 | Reached skill level 16 in Armour
 56140 | Vaults:1 | Reached skill level 15 in Stealth
 56266 | Vaults:1 | HP: 5/144 [yaktaur captain/bolt (4)]
 56267 | Vaults:1 | HP: 1/144 [yaktaur captain/bolt (30)]
 56267 | Vaults:1 | Shot with a bolt by a yaktaur captain

Illustrated notes

Levels and vault maps discovered:
D:1:      nzn_arrival_water_spiral, layout_rooms
D:2:      layout_basic, st_stairs_11, minmay_fractal_squares_5
D:3:      layout_loops_ring, grunt_temple_overflow_champion_of_chaos,
          minmay_overflow_temple_star_quad, portal_sewer_entry_f
D:4:      layout_gridville, temple_statues, nicolae_stop_n_shop_2,
          supply_closet_lemuel, grunt_ministairs_10, uniq_ijyb
D:5:      layout_loops_ring, mainiacjoe_overflow_chevrons,
          nicolae_vehumet_radiance, serial_bayou_crossing, uniq_blork_the_orc
D:6:      layout_basic, gammafunk_temple_overflow_wave, serial_bayou,
          serial_bayou_pond_a, serial_bayou_pond_d, serial_bayou_pond_b,
          serial_bayou_pond_b, nicolae_figureground_pulse, uniq_maggie
D:7:      layout_rooms
D:8:      layout_basic, ebering_ghost_disaster_area
D:9:      layout_big_octagon, serial_gnoll_camp, gnoll_camp_mini_house,
          gnoll_camp_mini_hut, gnoll_camp_mini_hut, grums_kennel,
          gnoll_camp_mini_basic, gnoll_camp_mini_shop, uniq_prince_ribbit1
D:10:     layout_basic, general_overflow_altar, enter_bailey_3
D:11:     layout_roguey, erik_lair_orcish_takeover, david_orc_4,
          minmay_quadrilaterals, uniq_gastronok
D:12:     layout_loops_ring, serial_shops, shop,
          nicolae_shop_just_a_little_nook, uniq_rupert, uniq_nergalle
D:13:     layout_roguey, skrybe_vaults_entry_preservation,
          nicolae_concentric_dashed_squares_mild, uniq_sonja
D:14:     layout_layer_cave, serial_shops, nicolae_shop_advertising_works
          [nicolae_subvault_shop_adworks], gammafunk_ghost_wrathful_warriors,
          infiniplex_staircase_star, serial_bayou_pond_a, hangedman_incinerator
D:15:     hangedman_depths_entry_civil_slaughter, layout_loops_cross,
          minmay_stone_trees_small
Temple:   chequers_temple_sunken
Lair:1:   layout_regular_city, gammafunk_ghost_cemetery,
          chequers_serial_rivers_room_b, chequers_serial_rivers_micro_d,
          nicolae_lair_lil_pond
Lair:2:   layout_misc_corridors, guppyfry_snake_entry_island
Lair:3:   layout_chaotic_city, minmay_shoals_entry_beasts
Lair:4:   layout_cave_pods, dpeg_slime_entry_enclosed, amcnicky_mini_pool_medium
Lair:5:   hellmonk_lair_end_abyssal_woods, layout_loops_ring,
          chequers_serial_rivers_micro_c
Shoals:1: layout_shoals, hangedman_shoal_volcano
Shoals:2: layout_shoals
Shoals:3: layout_shoals, serial_shops, bzr_entry_road, nicolae_shop_statue_plus,
          shop, nicolae_shop_back_alley_shop, nicolae_shop_just_a_little_nook,
          uniq_aizul
Shoals:4: shoals_end_grunt_ice, layout_shoals, serial_shops,
          nicolae_shop_back_alley_shop, minmay_shop_mass
Snake:1:  layout_onion, nicolae_snake_salamander_jacuzzi, serial_bayou_shore_a
Snake:2:  nicolae_snake_unarmed_stairs_patrol, layout_grid_shapes,
          grunt_megastairs_5
Snake:3:  layout_gridlike, serial_shops, nicolae_shop_tiny_glass,
          lemuel_fruit_tree
Snake:4:  snake_pit, layout_cave_town, minmay_shoptagon, uniq_roxanne,
          uniq_saint_roka, uniq_vashnia
Orc:1:    minmay_goldmine, layout_caves
Orc:2:    grunt_orc_community_town_hall, layout_caves,
          grunt_orc_community_big_house_2, grunt_orc_community_big_house_1,
          grunt_orc_community_house_3, grunt_orc_community_house_2,
          grunt_orc_community_house_1, grunt_orc_community_house_3,
          gauntlet_entry_generic, special_room, nicolae_shop_firing_range
Elf:1:    layout_loops_corners, nicolae_trove_entry_crossroad,
          minmay_elf_crystal_hexagon, bh_hangedman_babel_library
Elf:2:    nicolae_elf_blades_crystal_corner, layout_geoelf_octagon,
          serial_glass, glass_columns_a, glass_columns_a, lemuel_upstairs_altar,
          lemuel_elevator
Elf:3:    grunt_elf_hall_diamonds, layout_loops_corners, nicolae_shop_gadgets
Vaults:1: nicolae_vaults_big_ls, vaults_room_mumra_shop_pool,
          vaults_room_ringed_pool, nicolae_vaults_shrinking_rooms_2,
          nicolae_vaults_variable_pillar_hall, v_misc_3, v_misc_25,
          nicolae_vaults_security_offices_6, hangedman_vaults_trim,
          nicolae_vaults_tetromino_T_1, nicolae_vaults_heart-shaped_vault,
          nicolae_vaults_rhombus_6, v_misc_1, v_misc_14, layout_vaults_omnibox

Skill      XL: |  1  2  3  4  5  6  7  8  9 10 11 12 13 14 15 16 17 18 19 20 |
---------------+-------------------------------------------------------------+-----
Spellcasting   | 5 6 7 8 9 10 11 12 13 14 15 | 15.2
Invocations    | 1 2 3 4 5 6 7 8 10 11 12 13 14 15 | 15.7
Fighting       | 1 2 3 4 5 6 7 8 9 10 11 12 13 14 | 14.5
Short Blades   | 1 2 3 4 5 6 7 8 9 10 11 12 13 14 | 14.5
Long Blades    | 1 2 3 4 5 6 7 8 9 10 11 12 13 14 | 14.5
Axes           | 1 2 3 4 5 6 7 8 9 10 11 12 13 14 | 14.5
Maces & Flails | 1 2 3 4 5 6 7 8 9 10 11 12 13 14 | 14.5
Polearms       | 1 2 3 4 5 6 7 8 9 10 11 12 13 14 | 14.5
Staves         | 1 2 3 4 5 6 7 8 9 10 11 12 13 14 | 14.5
Ranged Weapons | 1 2 3 4 5 6 7 8 9 10 11 12 13 14 | 14.5
Throwing       | 1 2 3 4 5 6 7 8 9 10 11 12 13 14 | 14.5
Armour         | 1 2 3 4 5 6 7 8 9 10 11 12 13 15 16 | 16.2
Shields        | 1 2 3 4 5 6 7 8 9 10 11 12 13 14 | 14.5
Unarmed Combat | 1 2 3 4 5 6 7 8 9 10 11 12 13 14 | 14.5
Evocations     | 1 2 3 4 5 6 7 8 9 10 11 12 13 14 | 14.5
Conjurations   | 1 2 3 4 5 6 7 8 9 10 11 12 | 12.3
Hexes          | 1 2 3 4 5 6 7 8 9 10 11 12 | 12.3
Necromancy     | 1 2 3 4 5 6 7 8 9 10 11 12 | 12.3
Translocations | 1 2 3 4 5 6 7 8 9 10 11 12 | 12.3
Transmutations | 1 2 3 4 5 6 7 8 9 10 11 12 | 12.3
Fire Magic     | 1 2 3 4 5 6 7 8 9 10 11 12 | 12.3
Ice Magic      | 1 2 3 4 5 6 7 8 9 10 11 12 | 12.3
Air Magic      | 1 2 3 4 5 6 7 8 9 10 11 12 | 12.3
Earth Magic    | 1 2 3 4 5 6 7 8 9 10 11 12 | 12.3
Poison Magic   | 1 2 3 4 5 6 7 8 9 10 11 12 | 12.3
Dodging        | 5 6 7 8 9 10 11 12 13 14 15 | 15.1
Stealth        | 5 6 7 8 9 10 11 12 13 14 15 | 15.0
Summonings     | 8 9 10 11 12 13 14 | 14.1

Action                     |  1- 3 |  4- 6 |  7- 9 | 10-12 | 13-15 | 16-18 | 19-21 || total
---------------------------+-------+-------+-------+-------+-------+-------+-------++-------
  Melee: Unarmed           |     2 |       |       |       |       |       |       ||     2
         Short sword       |    24 |   151 |    62 |       |       |       |       ||   237
         Bite              |     1 |    14 |    12 |    13 |    26 |    14 |     9 ||    89
         Punch             |       |     2 |     1 |     5 |     9 |       |       ||    17
         Sling             |       |       |     1 |       |       |       |       ||     1
         Mace              |       |       |    29 |    25 |       |       |       ||    54
         Trident           |       |       |       |   154 |   212 |    18 |   125 ||   509
         Staff             |       |       |       |       |    46 |   268 |   125 ||   439
   Fire: Sling             |       |       |    10 |       |       |       |       ||    10
         Greatsling        |       |       |       |       |       |       |     1 ||     1
  Throw: Dart              |       |       |       |       |       |       |     2 ||     2
   Cast: Summon Small Mamm |    11 |     9 |    17 |    16 |     3 |     1 |       ||    57
         Call Imp          |     4 |     7 |    15 |    14 |     3 |       |       ||    43
         Call Canine Famil |     1 |    10 |    26 |    29 |    40 |    12 |    22 ||   140
         Summon Lightning  |       |     3 |    14 |    49 |   115 |   154 |    35 ||   370
         Summon Guardian G |       |     2 |    27 |    21 |    33 |    13 |     4 ||   100
         Inner Flame       |       |       |    11 |    28 |   177 |   283 |   153 ||   652
         Manifold Assault  |       |       |       |       |    39 |   148 |    78 ||   265
         Wereblood         |       |       |       |       |    13 |     5 |     7 ||    25
         Freezing Cloud    |       |       |       |       |     7 |     2 |    10 ||    19
         Iskenderun's Myst |       |       |       |       |     9 |     4 |     3 ||    16
         Fireball          |       |       |       |       |       |     9 |     2 ||    11
         Summon Mana Viper |       |       |       |       |       |     8 |    68 ||    76
         Arcjolt           |       |       |       |       |       |     3 |       ||     3
 Invoke: Ancestor Life: Ba |       |       |     1 |       |       |       |       ||     1
         Recall Ancestor   |       |       |       |     2 |     1 |     2 |     2 ||     7
         Idealise          |       |       |       |       |       |     2 |       ||     2
  Evoke: Wand              |       |       |     2 |       |     1 |     6 |     2 ||    11
    Use: Scroll            |       |    10 |     5 |    12 |    10 |    11 |     6 ||    54
         Potion            |       |       |     2 |     1 |     5 |    15 |     2 ||    25
   Stab: Sleeping          |     2 |     9 |     5 |    19 |     1 |       |     2 ||    38
         Distracted        |       |     1 |       |     6 |     9 |       |     3 ||    19
 Armour: Robe              |     7 |    29 |    28 |    43 |       |       |       ||   107
         Skin              |       |       |     2 |       |       |       |       ||     2
         Leather armour    |       |       |       |       |    86 |    45 |    28 ||   159
  Dodge: Dodged            |    23 |    79 |    78 |    74 |   256 |   120 |    60 ||   690
  Block: Other             |     3 |    22 |    14 |    32 |       |       |       ||    71
         Reflection        |       |       |     2 |     3 |       |    50 |    41 ||    96
         Buckler           |       |       |       |       |     6 |    48 |       ||    54
         Kite shield       |       |       |       |       |       |    82 |   142 ||   224
